 Dungeon Crawl Stone Soup version 0.29-a0-1027-gcd8c55af63 (webtiles) character file.

Game seed: 15474078044692999920

36 frimble the Digger (level 3, 0/24 HPs)
             Began as a Demonspawn Earth Elementalist on Aug 13, 2022.
             Slain by an adder (3 damage)
             ... on level 2 of the Dungeon.
             The game lasted 00:01:41 (1310 turns).

frimble the Digger (Demonspawn Earth Elementalist)  Turns: 1310, Time: 00:01:42

Health: 0/24       AC:  3    Str:  8    XL:     3   Next: 19%
Magic:  3/6        EV: 12    Int: 16    God:
Gold:   82         SH:  0    Dex: 15    Spells: 5/6 levels left

rFire   + . .      SeeInvis .   f - +1 dagger (speed)
rCold   + . .      Faith    .   (no shield)
rNeg    . . .      Spirit   .   a - +0 robe
rPois   +          Reflect  .   b - +0 helmet
rElec   +          Harm     .   (no cloak)
rCorr   +          Rampage  .   (no gloves)
Will    .....                   (no boots)
Stlth   ++........              (no amulet)
HPRegen 0.08/turn               (no ring)
MPRegen 0.10/turn               (no ring)

@: resistant, attractive, very slightly contaminated
A: foul stench 1, sturdy frame 1
a: no special abilities


You were on level 2 of the Dungeon.
You visited 1 branch of the dungeon, and saw 2 of its levels.

You collected 82 gold pieces.

Inventory:

Hand Weapons
 f - a +1 dagger of speed (weapon)
Armour
 a - a +0 robe (worn)
 b - a +0 helmet (worn)
Jewellery
 c - an amulet of the acrobat
Potions
 e - a potion of attraction


   Skills:
 - Level 1.8 Dodging
 - Level 1.8 Stealth
 - Level 2.0 Spellcasting
 + Level 2.0 Transmutations
 + Level 3.3 Earth Magic


You had 5 spell levels left.
You knew the following spells:

 Your Spells              Type           Power      Damage    Failure   Level
a - Sandblast             Erth           24%        2d8       5%          1

Your spell library contained the following spells:

 Spells                   Type           Power      Damage    Failure   Level
 Passwall                 Tmut/Erth      8%         N/A       11%         2
 Stone Arrow              Conj/Erth      12%        3d7       30%         3
 Petrify                  Tmut/Erth      10%        N/A       56%         4


Dungeon Overview and Level Annotations

Branches:
Dungeon (2/15)

Altars:
Qazlal

Annotations:
D:2 Robin


Innate Abilities, Weirdness & Mutations

You may rarely emit foul miasma when damaged in melee.
Your movements are slightly less encumbered by armour. (ER -2)


Message History

You feel protected.
You feel sick. The goblin barely misses you.
It was a potion of attraction.
You feel attractive to monsters.
You feel sick. The goblin closely misses you.
Aiming: Sandblast (safe; 5% risk of failure)
Press: ? - help, Q - select action Shift-Dir - straight line, f - goblin
Aim: a goblin, wielding a +0 dagger (strong, 77% to hit)
The blast of sand hits the goblin!
You kill the goblin!
You feel sick.
You are no longer poisoned.
As you read the scroll labelled NAIBBONKAFF, it crumbles to dust.
You hear a loud clanging noise!
It was a scroll of noise.
You hear an angry hiss. x2; You hear a shout! x2
An adder comes into view.
The adder is attracted toward you.
Okay, then.
You aren't carrying any items that you can evoke.
The adder is attracted toward you. The goblin is attracted toward you.
You hit the adder but do no damage.
The goblin no longer looks unusually strong.
The adder bites you but does no damage.
You closely miss the adder. The adder closely misses you.
The goblin is attracted toward you. The hobgoblin is attracted toward you.
You hit the adder but do no damage. The adder bites you.
* * * LOW HITPOINT WARNING * * *
Okay, then.
You aren't carrying any scrolls.
Unknown command.
Aiming: Sandblast (safe; 5% risk of failure)
Press: ? - help, Q - select action Shift-Dir - straight line, f - adder
Aim: an adder (70% to hit)
You miscast Sandblast.
You are very lightly contaminated with residual magic.
Nothing appears to happen.
The adder misses you. The adder bites you.
You die...

####.#.......#.#
#.#
#....#......#..# ##
.##.#............#
......#......##.##
.!....#...)....##
..._..#.##.######.
........g§..§.....
.....#†##.######...
### #g##gS@....#
#g########.... #.g
#


#gg ..gg .... ..... You could see an adder and 2 goblins.

Vanquished Creatures
  An adder (D:2)
  A dart slug (D:1)
  2 bats (D:1)
  An endoplasm (D:1)
  4 goblins
  2 hobgoblins (D:1)
  2 jackals (D:1)
  2 ball pythons (D:1)
  3 frilled lizards (D:1)
  3 kobolds
  4 rats (D:1)
25 creatures vanquished.

Notes
Turn   | Place    | Note
-------+----------+-------------------------------------------
     0 | D:1      | frimble the Demonspawn Earth Elementalist began the quest
                  | for the Orb.
     0 | D:1      | Reached XP level 1. HP: 13/13 MP: 3/3
   210 | D:1      | Reached skill level 1 in Transmutations
   389 | D:1      | Reached skill level 3 in Earth Magic
   389 | D:1      | Gained mutation: You may rarely emit foul miasma when
                  | damaged in melee. [demonic ancestry]
   389 | D:1      | Reached XP level 2. HP: 11/19 MP: 0/5
   664 | D:1      | Found a faded altar of an unknown god.
  1290 | D:2      | Found a stormy altar of Qazlal.
  1296 | D:2      | Noticed Robin
  1300 | D:2      | Gained mutation: Your movements are slightly less
                  | encumbered by armour. (ER -2) [demonic ancestry]
  1300 | D:2      | Reached XP level 3. HP: 8/24 MP: 4/6
  1310 | D:2      | Slain by an adder

Illustrated notes

Levels and vault maps discovered:
D:1:      onia_arrival_mini_maze_b, layout_rooms,
          shapermc_ecumenical_altar_totnotflames
D:2:      layout_loops_ring, basic_altar, uniq_robin

Skill      XL: |  1  2 |
---------------+-------+-----
Transmutations | 1 2 |  2.0
Earth Magic    | 3 |  3.3
Dodging        | |  1.8
Stealth        | |  1.8
Spellcasting   | |  2.0

Action                   || total
-------------------------++-------
Melee: Unarmed           ||    21
       Punch             ||     1
       Dagger            ||     3
 Cast: Sandblast         ||    32
  Use: Potion            ||     3
       Scroll            ||     2
 Stab: Sleeping          ||     1
Armor: Robe              ||    11
Dodge: Dodged            ||    36

Table legend: (Time is in decaauts)
 A = Elapsed time spent in this place.
 B = Non-inter-level travel time spent in this place.
 C = Inter-level travel time spent in this place.
 D = Time resting spent in this place.
 E = Time spent auto-exploring this place.
 F = Levels seen in this place.
 G = Mean time per level.
                   A        B        C        D        E       F      G
               +--------+--------+--------+--------+--------+-----+--------+
         Total |   1340 |   1329 |     11 |      0 |   1123 |   2 |  670.0 |
       Dungeon |   1340 |   1329 |     11 |      0 |   1123 |   2 |  670.0 |
               +--------+--------+--------+--------+--------+-----+--------+

Top non-repeatable levels by time:
     D:1: 1282 daAuts
     D:2: 57 daAuts
